Map: Acropolis LE

Players

TixTix - Winner!

  • Race: Protoss Protoss
  • League: Diamond
  • Spawn Location: 5:00

PeLLy

  • Race: Zerg Zerg
  • League: Diamond
  • Spawn Location: 11:00

VOD

Have the link to the VOD?

Description

Time

  • Played on: July 28, 2019, 3:57 p.m.
  • Length: 22:07
Show
View Real Time Build Order
Export as new Build Order

TixTix Protoss - Winner!

Build Orders:  

Get SALT Encoding   

  12  0:00  Probe  
  13  0:13  Probe  
  14  0:21  Pylon  
  14  0:25  Probe  
  15  0:39  Gateway  
  15  0:42  Probe  
  16  0:54  Probe  
  17  1:02  Assimilator  
  17  1:06  Probe  
  18  1:17  Assimilator  
  18  1:18  Probe  
  19  1:27  Cybernetics Core  
  19  1:30  Gateway  
  19  1:33  Probe  
  20  1:41  Zealot  
  22  1:48  Probe  
  23  1:58  Warp Gate  
  23  2:03  Pylon  
  23  2:13  Adept x2  
  23  2:21  Probe  
  28  2:33  Probe  
  29  2:45  Pylon  
  29  3:00  Nexus  
  29  3:28  Probe  
  30  3:40  Probe  
  27  3:41  Gateway  
  27  3:42  Gateway  
  27  3:49  Twilight Council  
  27  3:52  Probe  
  27  3:53  Stalker  
  27  3:55  Stalker  
  31  4:12  Charge  
  31  4:17  Zealot  
  31  4:23  Probe x2  
  35  4:32  Pylon  
  35  4:37  Zealot x2  
  39  4:40  Zealot  
  39  4:44  Sentry  
  43  4:52  Pylon, Probe  
  44  4:54  Probe  
  44  4:58  Sentry  
  47  5:04  Probe  
  47  5:06  Probe  
  49  5:11  Zealot  
  49  5:12  Zealot  
  53  5:15  Zealot  
  53  5:17  Probe  
  53  5:20  Probe  
  57  5:22  Sentry  
  59  5:36  Zealot  
  59  5:38  Zealot  
  59  5:39  Zealot  
  65  6:22  Probe x2  
  67  6:32  Nexus  
  55  7:11  Stalker x4  
  55  7:14  Assimilator  
  63  7:15  Assimilator  
  63  7:20  Robotics Facility  
  63  7:22  Templar Archives  
  63  7:25  Pylon x2  
  63  7:27  Pylon  
  63  7:39  Probe  
  63  7:40  Probe  
  65  7:50  Pylon, Gateway, Blink, Probe x2  
  65  7:51  Pylon  
  65  7:53  Pylon, Probe  
  68  8:02  Psionic Storm  
  68  8:06  Probe  
  68  8:07  Probe x2  
  71  8:24  Stalker x4  
  71  8:25  Probe x2  
  71  8:26  Probe  
  82  8:32  Shield Battery  
  82  8:33  Shield Battery  
  82  8:35  Shield Battery  
  82  8:37  Probe x2  
  82  8:38  Probe  
  85  8:46  High Templar  
  85  8:47  High Templar x2  
  85  8:48  Observer  
  91  8:50  Zealot x2  
  96  8:59  Probe x2  
  96  9:00  Probe  
  99  9:05  Warp Prism  
  99  9:08  Pylon  
  101  9:11  Pylon, Probe  
  101  9:12  Probe x2  
  101  9:16  High Templar x2  
  108  9:19  Zealot  
  108  9:20  Zealot  
  112  9:38  Archon  
  112  9:39  High Templar  
  112  9:40  Zealot x2  
  118  9:46  Probe  
  118  9:47  Probe  
  118  9:48  Assimilator  
  118  9:49  Assimilator  
  118  9:51  Pylon  
  120  9:59  Nexus  
  120  10:02  Forge, Immortal  
  120  10:03  Forge  
  120  10:25  Pylon  
  120  10:28  Zealot x2  
  122  10:29  Zealot x2  
  122  10:30  Zealot  
  96  11:05  Archon  
  96  11:06  Archon  
  90  11:12  Zealot  
  90  11:13  Zealot x4  
  78  11:39  Protoss Ground Armor Level 1, Protoss Ground Weapons Level 1  
  70  11:47  High Templar x4  
  72  11:48  Zealot  
  80  12:01  Pylon  
  80  12:04  Pylon  
  80  12:05  Pylon  
  80  12:10  Gateway  
  80  12:11  Gateway  
  80  12:13  Warp Prism, Gateway  
  78  12:15  Gateway  
  78  12:16  Zealot  
  78  12:17  Gateway  
  78  12:22  Stalker  
  70  12:23  Zealot  
  70  12:24  Zealot x2  
  68  12:33  Shield Battery  
  68  12:35  Shield Battery  
  60  12:37  Stalker x2  
  60  12:38  Zealot x3  
  70  13:06  Zealot x5  
  70  13:07  Zealot x2  
  84  13:22  High Templar x3  
  84  13:25  Nexus, High Templar  
  84  13:26  Zealot  
  94  13:27  Stalker x3  
  94  13:28  Stalker x2  
  94  13:30  Protoss Ground Weapons Level 2, Protoss Ground Armor Level 2  
  104  13:52  Probe x3  
  107  13:56  Pylon  
  107  13:58  Pylon  
  107  13:59  Sentry x2  
  107  14:00  Pylon, Sentry, Zealot  
  107  14:01  Stalker x2, Zealot x2  
  107  14:02  Stalker x2  
  127  14:20  Shield Battery x2  
  127  14:22  Photon Cannon  
  127  14:24  Photon Cannon  
  127  14:26  Photon Cannon, Probe x3  
  130  14:37  Stalker x2, Assimilator  
  130  14:38  Stalker x5  
  140  14:39  Stalker x3, Assimilator  
  150  14:50  Warp Prism  
  152  15:04  Stargate  
  152  15:05  Stargate  
  152  15:07  Pylon  
  152  15:09  Pylon  
  100  15:47  Archon  
  98  15:50  Zealot  
  98  15:51  Zealot x7  
  98  15:52  Zealot x2  
  118  16:07  Probe x2  
  118  16:08  Probe  
  121  16:12  Zealot x4  
  121  16:13  Zealot x3  
  121  16:17  High Templar  
  121  16:18  High Templar  
  139  16:19  High Templar  
  139  16:24  Phoenix x2  
  145  16:45  Zealot x2  
  145  16:46  Zealot x5  
  123  17:13  Phoenix x2  
  127  17:29  Zealot x5  
  135  17:30  Zealot x5  
  106  18:01  Zealot x5  
  106  18:02  Zealot x5  
  108  18:37  Phoenix x2  
  88  18:53  Zealot x5  
  88  18:54  Zealot x5  
  108  19:02  Phoenix x2  
  112  19:25  Nexus  
  104  19:35  Stalker x7  
  104  19:36  Stalker x3  
  107  20:04  Pylon  
  107  20:05  Pylon  
  107  20:07  Pylon  
  107  20:20  Stalker x4  
  107  20:21  Stalker x6  
  96  20:44  Zealot x5  
  96  20:45  Zealot x5  
  106  21:07  Zealot x6  
  106  21:08  Zealot x4  
  116  21:57  Stalker x4  
  116  21:58  Stalker x6  
Show
View Real Time Build Order
Export as new Build Order

PeLLy Zerg 

Build Orders: Hatch First 

Get SALT Encoding   

  12  0:01  Drone  
  13  0:14  Drone  
  14  0:16  Overlord  
  14  0:35  Drone x2  
  15  0:36  Drone  
  17  0:56  Hatchery  
  16  0:58  Drone  
  17  1:12  Spawning Pool  
  17  1:13  Drone  
  17  1:16  Drone  
  18  1:19  Drone  
  19  1:29  Overlord  
  19  1:40  Drone  
  20  1:58  Zergling x2  
  21  2:02  Zergling x2  
  21  2:04  Queen  
  21  2:07  Queen  
  26  2:09  Zergling x2  
  27  2:37  Drone x5  
  27  2:40  Overlord  
  32  2:45  Hatchery  
  31  2:52  Queen  
  33  3:07  Zergling x2  
  33  3:08  Zergling x2  
  33  3:09  Drone x2  
  36  3:14  Zergling x2  
  36  3:15  Zergling x8  
  39  3:37  Drone  
  39  3:38  Drone x3  
  41  3:43  Extractor  
  41  3:44  Extractor  
  39  3:53  Drone x5  
  44  4:02  Drone x2  
  45  4:23  Spore Crawler  
  44  4:25  Spore Crawler  
  44  4:27  Drone  
  44  4:28  Drone x6  
  44  4:29  Overlord x2  
  44  4:30  Overlord  
  50  4:41  Spore Crawler  
  49  4:46  Drone  
  49  4:52  Drone  
  51  4:53  Drone x6  
  51  4:57  Extractor  
  51  4:58  Extractor  
  55  5:06  Evolution Chamber  
  54  5:07  Evolution Chamber  
  54  5:09  Roach Warren  
  54  5:11  Queen x2  
  54  5:13  Drone x3  
  54  5:14  Drone x6  
  67  5:18  Extractor  
  67  5:20  Extractor  
  63  5:21  Lair  
  63  5:26  Spore Crawler  
  63  5:27  Drone x4  
  66  5:53  Roach x4  
  73  6:02  Spine Crawler x2  
  71  6:04  Spine Crawler  
  65  6:12  Roach x4  
  70  6:23  Overlord  
  70  6:24  Overlord x4  
  68  6:44  Drone  
  68  6:45  Roach x4  
  68  6:46  Roach x4  
  80  7:11  Drone  
  80  7:12  Drone x4  
  85  7:21  Hatchery  
  84  7:27  Queen x2  
  88  7:38  Hatchery  
  87  7:45  Hydralisk Den  
  86  8:13  Metabolic Boost  
  86  8:21  Zerg Ground Armor Level 1  
  86  8:22  Glial Reconstitution  
  86  8:23  Zerg Melee Weapons Level 1  
  86  8:30  Infestation Pit  
  85  8:45  Spore Crawler  
  84  8:49  Queen, Overlord x4  
  84  8:54  Overlord x2  
  86  9:10  Drone x2, Queen  
  90  9:26  Hydralisk x3  
  90  9:27  Hydralisk x19  
  90  9:31  Pathogen Glands  
  134  9:42  Nydus Network  
  134  9:44  Roach  
  135  9:45  Overlord  
  135  9:46  Overlord x2  
  135  10:21  Drone x7  
  136  10:23  Drone x8  
  136  10:26  Extractor  
  149  10:28  Extractor  
  123  10:53  Hydralisk x12  
  117  11:03  Hydralisk  
  117  11:04  Hydralisk x2  
  91  11:18  Roach  
  91  11:19  Roach x5  
  85  11:37  Zergling x10  
  82  11:44  Drone  
  82  11:45  Drone x2  
  83  11:59  Zergling x2  
  83  12:00  Zergling x6  
  87  12:04  Baneling Nest  
  86  12:09  Hatchery  
  78  12:32  Zergling x28  
  91  12:47  Roach x7  
  91  12:50  Zergling x2  
  104  13:10  Overseer  
  104  13:11  Overseer  
  104  13:15  Nydus Canal  
  104  13:27  Drone  
  104  13:28  Drone x9  
  114  13:50  Drone x2  
  114  13:51  Drone  
  114  13:52  Drone x7  
  124  13:57  Hive  
  124  14:16  Pneumatized Carapace  
  124  14:24  Centrifical Hooks  
  124  14:28  Baneling  
  124  14:29  Baneling x11  
  127  14:31  Ravager x11  
  127  14:32  Ravager  
  127  14:34  Hydralisk x6  
  127  14:35  Hydralisk  
  150  14:59  Spire  
  149  15:00  Grooved Spines  
  149  15:09  Drone x3  
  81  15:50  Hydralisk x12  
  81  15:51  Zergling x4  
  81  15:52  Zergling x10  
  104  16:12  Muscular Augments, Baneling  
  104  16:13  Baneling x7  
  104  16:20  Swarm Host x10  
  104  16:21  Swarm Host x3  
  104  16:24  Hatchery  
  105  17:04  Hydralisk x11  
  105  17:05  Zergling x2  
  105  17:06  Zergling x12  
  129  17:32  Roach x2  
  129  17:33  Roach x5  
  107  18:00  Roach x6  
  107  18:01  Roach x2  
  107  18:03  Lair  
  119  18:10  Extractor  
  119  18:12  Extractor  
  113  18:24  Roach x2  
  113  18:25  Roach  
  115  18:38  Hydralisk x4  
  119  18:41  Zerg Missile Weapons Level 1  
  113  19:01  Nydus Canal  
  113  19:09  Hydralisk x9  
  131  19:19  Nydus Canal  
  125  19:28  Hydralisk x3  
  120  19:54  Nydus Canal  
  120  19:58  Hydralisk x9  
  138  20:14  Drone  
  138  20:15  Drone x2  
  138  20:17  Hatchery  
  136  20:29  Hatchery  
  107  20:53  Overlord  
  107  20:57  Hydralisk x8  
  97  21:04  Infestation Pit  
  90  21:35  Roach x9  
Tags
 
Add a new tag
Caveats
  • Supply blocks, unpowered buildings, or Contaminate may cause inaccurate times.
  • Supply counts are checked every 10 seconds.